[Event "Early-Titled-Tuesday-Blitz-March-05-2024"]
[Site "Chess.com"]
[Date "2024.03.05"]
[Round "9"]
[White "stolencandy13"]
[Black "AlexeiShirov"]
[Result "0-1"]
[WhiteElo "2692"]
[BlackElo "2850"]
[TimeControl "180+1"]
[EndTime "9:48:33 PST"]
[Termination "AlexeiShirov won on time"]

1. d4 d5 2. Bf4 Nf6 3. e3 c5 4. c3 Qb6 5. Qb3 c4 6. Qxb6 axb6 7. Nd2 b5 8. a3 Nc6 9. Rc1 Nd7 10. Be2 Nb6 11.
Bd1 Na4 12. Bxa4 bxa4 13. e4 b5 14. exd5 Na5 15. Ngf3 Bb7 16. d6 exd6 17. O-O Nb3 18. Nxb3 axb3 19. Rfe1+ Kd7 20. Re3 Bxf3 21. Rxf3 d5 22. Re1 f6 23. Rfe3 g5 24. Bg3 h5 25.
h4 g4 26. Re6 Rh7 27. Rb6 Re7 28. Rb7+ Ke8 29. Rexe7+ Bxe7 30. Rxb5 Rd8 31. a4 Kf7 32. a5 Ke6 33. a6 Ra8 34. Rb6+ Kf5 35. Rb7 Ba3 36.
bxa3 Rxa6 37. f3 Rxa3 38. Rb5 gxf3 39. gxf3 Ra2 40. Bf2 Rc2 41. Kg2 Rxc3 42. Rxd5+ Ke6 43. Rb5 Rc2 44. d5+ Kd6 45. Kf1 b2 46. Bg3+ Kd7 47.
Be1 c3 48. Bxc3 Rxc3 49. Rxb2 Rxf3+ 50. Ke2 Rf4 51. Rb6 Ke7 52. Ke3 Rxh4 53. Re6+ Kf7 54. Ra6 Rh1 55. Kf3 Rd1 56. Ra5 Kg6 57. Kg3 Kg5 58.
d6+ f5 59. Ra6 Rd3+ 60. Kf2 h4 61. Ke2 Rd5 62. Ke3 Kg4 63. Ra8 f4+ 64. Ke4 Rxd6 65. Rg8+ Kh3 66. Kxf4 Kh2 67. Rh8 h3 68. Kf3 Rf6+ 69.
Ke2 Rf4 70. Ke3 Rf7 71. Ke2 Kg3 72. Rg8+ Kh2 73. Rh8 Kg2 74. Rg8+ Kh1 75. Rh8 h2 76. Rh6 Rg7 77. Kf2 Rf7+ 78. Ke2 Kg2 79. Rg6+ Kh3 80. Rh6+ Kg3 81. Rg6+ Kf4 82. Rh6 Ra7 83. Kf2 Ra2+ 84. Kf1 Kf3 85. Rf6+ Kg4 86. Rg6+ Kh5 0-1

[Event "Early-Titled-Tuesday-Blitz-March-05-2024"]
[Site "Chess.com"]
[Date "2024.03.05"]
[Round "9"]
[White "ChessSwole"]
[Black "vi_pranav"]
[Result "1/2-1/2"]
[WhiteElo "2737"]
[BlackElo "3047"]
[TimeControl "180+1"]
[EndTime "9:48:41 PST"]
[Termination "Game drawn - insufficient material"]

1. d4 Nf6 2. c4 e6 3. Nc3 c5 4. d5 exd5 5. cxd5 d6 6. Nf3 g6 7.
Bf4 Bg7 8. Qa4+ Bd7 9. Qb3 Qc7 10.
e4 O-O 11. Nd2 Re8 12. Be2 Na6 13. O-O Rad8 14. f3 Nh5 15. Bg5 Rb8 16. f4 Nf6 17.
e5 dxe5 18. Nc4 b5 19. Nxe5 c4 20. Qd1 Bf5 21. a4 b4 22. Nb5 Qc5+ 23. Kh1 Ne4 24. Bh4 c3 25. bxc3 bxc3 26. Rc1 Nb4 27. g4 Bc8 28. Bf3 c2 29. Qe2 Nc3 30. Qd2 Nxb5 31. axb5 Qxb5 32. d6 Bd7 33. Rfe1 a5 34. Rxc2 Nxc2 35.
Qxc2 Bxe5 36. fxe5 Rbc8 37. Qe4 Bc6 38. Qf4 Bxf3+ 39. Qxf3 Rxe5 40. Rf1 Qd7 41. Be7 Qe6 42. d7 Rb8 43. d8=Q+ Rxd8 44. Bxd8 Re3 45. Qa8 Qe8 46. Qxa5 Qe4+ 47. Kg1 Qxg4+ 48. Kh1 Qe4+ 49. Kg1 Qg4+ 50.
Kh1 Re2 51. Qd5 Re6 52. Qf3 Qxf3+ 53. Rxf3 f5 54. Bh4 Kg7 55. Bf2 Kf6 56. Kg2 g5 57.
Ra3 f4 58. Rb3 h6 59. h3 Kg6 60.
Rb6 Rxb6 61. Bxb6 Kf5 62. Kf3 h5 63. Bf2 g4+ 64. hxg4+ hxg4+ 65. Kg2 Ke4 66. Be1 Ke3 67.
Bf2+ Ke2 68. Ba7 g3 69. Bb6 Ke1 70. Bc5 Ke2 71. Bb6 Kd3 72. Bc7 Ke4 73. Bb6 Kf5 74. Ba7 Kg4 75. Bb6 f3+ 76. Kg1 Kf5 77. Bc7 Kg4 78.
Bb6 Kh3 79. Ba7 Kh4 80. Bb6 Kg4 81. Bc7 Kh3 82. Bb6 Kh4 83. Bc5 Kh3 84. Bb6 f2+ 85.
Bxf2 gxf2+ 86. Kxf2 1/2-1/2

[Event "Early-Titled-Tuesday-Blitz-March-05-2024"]
[Site "Chess.com"]
[Date "2024.03.05"]
[Round "9"]
[White "xakevicius91"]
[Black "Msb2"]
[Result "1/2-1/2"]
[WhiteElo "2582"]
[BlackElo "2986"]
[TimeControl "180+1"]
[EndTime "9:48:44 PST"]
[Termination "Game drawn by 50-move rule"]

1. e4 e6 2. d4 d5 3. Nd2 c5 4.
exd5 Qxd5 5. Ngf3 cxd4 6. Bc4 Qd6 7. O-O Nf6 8. Nb3 Nc6 9. Nbxd4 Nxd4 10. Nxd4 Be7 11.
c3 O-O 12. Qf3 e5 13. Nf5 Bxf5 14. Qxf5 Qc7 15. Bb3 a5 16. a4 g6 17. Qf3 Kg7 18.
Bg5 Nh5 19. Bxe7 Qxe7 20. Rfe1 Rad8 21. Rad1 f5 22. g3 Nf6 23. Qe3 Ne4 24. Bc2 Rxd1 25.
Rxd1 Nc5 26. Rd5 Nd7 27. Rxa5 e4 28. Rd5 Nf6 29. Qd4 Kh6 30. Rd6 Ng4 31. Rd7 Qe5 32. h3 Qxd4 33. cxd4 Nf6 34. Rxb7 Rd8 35. Rb4 Nd5 36. Rb5 e3 37. fxe3 Nxe3 38. Rc5 Rxd4 39.
a5 Rd2 40. a6 Nxc2 41. a7 Rd1+ 42. Kf2 Ra1 43. Rxc2 Rxa7 44. b4 Rb7 45. Rb2 Rb5 46.
Kf3 g5 47. g4 f4 48. h4 gxh4 49. Kxf4 Kg6 50. Rb3 h6 51. Rb2 Kf6 52. Rb3 Ke6 53. Rb2 Ke7 54. Re2+ Kf7 55. Rb2 Kf6 56. Rb3 Ke6 57. Rb2 Ke7 58. Rb3 Kd6 59. Rb2 Kd5 60. g5 hxg5+ 61. Kxg5 h3 62. Kg4 h2 63. Rxh2 Rxb4+ 64.
Kg5 Rb8 65. Rd2+ Ke4 66. Re2+ Kf3 67. Re7 Rb5+ 68. Kf6 Kf4 69. Re6 Ra5 70. Rb6 Rh5 71. Rb4+ Ke3 72. Rb3+ Kd4 73. Rb4+ Kc5 74. Rb1 Rh2 75.
Rc1+ Kd5 76. Rd1+ Ke4 77. Re1+ Kd3 78. Rd1+ Kc2 79. Rd8 Re2 80. Rc8+ Kd1 81. Rd8+ Ke1 82. Rd7 Kf2 83. Re7 Ra2 84. Re5 Kf3 85. Rb5 Ra3 86.
Kf5 Rc3 87. Ke5 Kg4 88. Ke4 Rc8 89. Rb1 Re8+ 90. Kd5 Kf3 91. Rf1+ Ke2 92. Rf6 Rg8 93.
Re6+ Kd3 94. Re1 Rg6 95. Rh1 Rg5+ 96. Ke6 Kd4 97. Rh4+ Kc5 98. Rh3 Rg1 99. Rh2 Re1+ 100. Kf5 Kd5 101. Rd2+ Kc4 102. Rc2+ Kd3 103. Rc8 Re7 104. Kf4 Re6 105. Kf5 Re1 106. Rd8+ Kc4 107. Rc8+ Kb5 108. Rb8+ Kc6 109. Rc8+ Kd7 110. Rc2 Re3 111. Kf4 Rb3 112. Rd2+ Ke6 113. Re2+ Kf6 1/2-1/2

[Event "Early-Titled-Tuesday-Blitz-March-05-2024"]
[Site "Chess.com"]
[Date "2024.03.05"]
[Round "9"]
[White "abc_xyz4744"]
[Black "ZuraTqebuchava"]
[Result "1/2-1/2"]
[WhiteElo "2406"]
[BlackElo "2266"]
[TimeControl "180+1"]
[EndTime "9:48:55 PST"]
[Termination "Game drawn by repetition"]

1. e4 g6 2. d4 Bg7 3. Nf3 c6 4. c4 d5 5. exd5 cxd5 6. Nc3 Nf6 7. Bg5 dxc4 8. Bxc4 O-O 9. O-O Bg4 10. h3 Bxf3 11.
Qxf3 Nc6 12. Rad1 Qb6 13. Bxf6 exf6 14. Nd5 Qxb2 15. Nxf6+ Kh8 16. Nd7 Nxd4 17. Qd5 Rad8 18. Rb1 Qd2 19. Rfd1 Ne2+ 20. Bxe2 Qxe2 21. Qxb7 Rfe8 22.
Rf1 Re7 23. Rbd1 Qe6 24. Qc7 Rexd7 25. Qxd8+ Rxd8 26. Rxd8+ Bf8 27. Rxf8+ Kg7 28. Ra8 Qxa2 29. Re1 a5 30. Re7 a4 31. Rea7 Qb1+ 32. Kh2 Qc2 33. f3 Qc5 34. Rxa4 Qc7+ 35. f4 Qd6 36. R8a7 h5 37. Rc4 Qb8 38. Rcc7 g5 39. Rxf7+ Kg6 40. Rg7+ Kf6 41. Raf7+ Ke6 42. Re7+ Kf6 43. Ref7+ Ke6 44. g3 gxf4 45. Rxf4 Qb2+ 46. Kg1 Qc1+ 47. Kg2 Qb2+ 48.
Rf2 Qxg7 49. Re2+ Kd7 50. Rf2 Kc6 51. Re2 Qb7 52. Rf2 Kd7+ 53. Kh2 Qb6 54. Kg2 Qc6+ 55. Kh2 Qc5 56. Kg2 Qd5+ 57. Kh2 Qd4 58. Kg2 Qc4 59. Rf4 Qc2+ 60. Rf2 Qc5 61. Rf7+ Ke6 62. Rf2 Qd5+ 63. Kh2 Qd6 64. Kg2 Qc6+ 65. Kh2 Qd6 66. Kg2 Qd4 67. Rf4 Qd2+ 68. Rf2 Qd6 69. Re2+ Kf5 70. Rf2+ Kg6 71. Re2 Qd5+ 72. Kh2 Qd3 73. Rf2 Qe3 74. Kg2 Qe4+ 75. Kh2 Qe5 76. Kg2 Qd5+ 77. Kh2 Qd6 78. Kg2 Qd5+ 79.
Kh2 Qd4 80. Kg2 Qc5 81. Re2 Qd4 82. Rf2 Qc5 83. Re2 Qd5+ 84. Kh2 Qd4 85. Kg2 Qd3 86. Rf2 Qd5+ 1/2-1/2

[Event "Early-Titled-Tuesday-Blitz-March-05-2024"]
[Site "Chess.com"]
[Date "2024.03.05"]
[Round "9"]
[White "ilqar_74"]
[Black "Goryachkina"]
[Result "1/2-1/2"]
[WhiteElo "2830"]
[BlackElo "2697"]
[TimeControl "180+1"]
[EndTime "9:49:01 PST"]
[Termination "Game drawn - insufficient material"]

1. e4 c5 2. Nf3 e6 3. d4 cxd4 4. Nxd4 Nf6 5. Bd3 Nc6 6. Nxc6 bxc6 7. Nc3 d5 8. O-O Be7 9. Qf3 O-O 10. Bg5 h6 11. Bh4 Bb7 12. Rfe1 Re8 13. Rad1 Nd7 14. Bxe7 Qxe7 15. Qg3 Nc5 16. Bf1 Qf8 17. h3 Rad8 18.
Qf3 d4 19. Ne2 e5 20. Ng3 Ne6 21. Bc4 Nf4 22. Ne2 Nxe2+ 23. Rxe2 Bc8 24. Qg3 Be6 25. Bxe6 Rxe6 26. c3 c5 27. c4 a5 28. Rd3 Rb8 29.
b3 Qd6 30. Kh2 Ra8 31. a4 Rb8 32. f3 Qe7 33. Qe1 Qc7 34. Rf2 Qa7 35. Kh1 Reb6 36.
Rb2 Rb4 37. Qg3 Qc7 38. Qf2 Qb6 39. Qg3 Qc7 40. Qf2 Qb6 41. f4 Rxc4 42. fxe5 Rc1+ 43. Kh2 Qe6 44. Qf4 Rc3 45. Rxc3 dxc3 46. Rc2 Rxb3 47.
Qf5 Qxf5 48. exf5 Kf8 49. Kg3 g6 50. f6 Ke8 51. Kf4 Kd7 52. g4 Ke6 53. g5 Rb4+ 54.
Kg3 hxg5 55. Rxc3 Rxa4 56. Rxc5 Ra1 57. Rc7 a4 58. Re7+ Kf5 59. Rxf7 Kxe5 60. Rf8 a3 61. f7 Kf6 62. Kg2 Ke7 63. Ra8 Kxf7 64. Ra5 Kf6 65.
Ra6+ Kf5 66. Ra5+ Kf4 67. Kf2 Ke4 68. Kg2 Ke3 69. Rxg5 Ke4 70. Rxg6 Rb1 71. Ra6 Rb2+ 72. Kg3 Rb3+ 73. Kg4 Kd3 74. h4 Kc2 75. h5 Kb2 76. h6 Rb4+ 77. Kg5 Rb8 78. h7 a2 79. Rb6+ Rxb6 80. h8=Q+ Kb1 81. Qh1+ Kb2 82. Qh2+ Kb1 83. Qg1+ Kc2 84. Qc5+ Kb2 85. Qxb6+ Ka1 86. Qf2 Kb1 87. Qe1+ Kb2 88. Qd2+ Kb1 89. Qb4+ Ka1 90. Qc3+ Kb1 91.
Qd2 a1=Q 92. Qe1+ Kb2 93. Qxa1+ Kxa1 1/2-1/2

[Event "Early-Titled-Tuesday-Blitz-March-05-2024"]
[Site "Chess.com"]
[Date "2024.03.05"]
[Round "9"]
[White "rhungaski"]
[Black "Coach_Istvanovszki"]
[Result "1/2-1/2"]
[WhiteElo "2595"]
[BlackElo "2464"]
[TimeControl "180+1"]
[EndTime "9:50:16 PST"]
[Termination "Game drawn by 50-move rule"]

1. e4 c5 2. Nf3 d6 3. d4 cxd4 4.
Nxd4 Nf6 5. Nc3 g6 6. Be3 Nc6 7. Be2 Bg7 8. Qd2 O-O 9. O-O-O Bd7 10. h4 Ne5 11. h5 Rc8 12. hxg6 fxg6 13. f3 Qa5 14. Nb3 Qc7 15. Nd5 Nxd5 16. Qxd5+ e6 17. Qd2 Nc4 18. Bxc4 Qxc4 19. Kb1 Rf7 20. Bd4 Bxd4 21.
Nxd4 b5 22. c3 a5 23. Nc2 Rc6 24. Ne3 Qc5 25. Ng4 Kh8 26. e5 dxe5 27. Qxd7 Rxd7 28. Rxd7 h5 29. Nf6 Rc7 30. Rhd1 Rxd7 31. Rxd7 Qg1+ 32. Kc2 Qxg2+ 33. Kb3 a4+ 34. Ka3 b4+ 35. Kxa4 Qc2+ 36. Ka5 g5 37. cxb4 h4 38. b5 h3 39. b6 h2 40. b7 Qc5+ 41. Ka6 Qc6+ 42. Ka7 Qa4+ 43. Kb6 Qb4+ 44. Kc7 Qa5+ 45. Kc8 Qc5+ 46.
Kd8 Qf8+ 47. Ne8 h1=Q 48. b8=Q Qhh6 49. Qxe5+ Kg8 50. Qd6 Qxd6 51. Nxd6 g4 52. fxg4 Qc1 53. b4 Qc3 54. b5 Qb4 55. Ke7 e5 56. Ke6 e4 57. Nf5 e3 58. g5 e2 59. Kf6 Qf8+ 60.
Kg6 Qxf5+ 61. Kxf5 e1=Q 62. Rd8+ Kg7 63. Rd7+ Kf8 64.
Rd5 Qf1+ 65. Ke6 Qe2+ 66. Re5 Qxa2+ 67. Kf6 Qb3 68. g6 Qf3+ 69. Rf5 Qc3+ 70. Kg5+ Kg7 71.
Rf7+ Kg8 72. Rf5 Qc4 73. b6 Qc6 74. Rf6 Qc5+ 75. Kf4 Qd4+ 76. Kf5 Qd5+ 77. Kg4 Qd4+ 78. Kg5 Qc5+ 79. Rf5 Qxb6 80. Kh6 Qe6 81. Kg5 Qe7+ 82. Kh5 Qe6 83. Rf7 Qe2+ 84. Kg5 Qg2+ 85. Kf6 Qf3+ 86. Kg5 Qg3+ 87. Kf6 Qf4+ 88. Ke6 Qg4+ 89. Kf6 Qf4+ 90.
Ke6 Qg5 91. Rf5 Qxg6+ 92. Ke5 Qe8+ 93. Kf4 Kg7 94. Rg5+ Kf6 95. Rf5+ Kg6 96. Rg5+ Kh6 97. Rf5 Qe6 98. Re5 Qd6 99. Kf5 Kg7 100. Re6 Qd5+ 101. Re5 Qc4 102. Re4 Qf7+ 103. Ke5 Kg6 104. Rf4 Qe7+ 105. Kd4 Qd6+ 106. Ke4 Kg5 107. Rf5+ Kg4 108. Rd5 Qe6+ 109. Kd4 Qb6+ 110. Ke5 Qc7+ 111. Ke6 Kf4 112. Rd4+ Ke3 113. Rd5 Qc6+ 114. Ke5 Qe8+ 115. Kd6 Ke4 116. Rc5 Qg6+ 117. Kc7 Kd4 118. Rc6 Qf7+ 119. Kb6 Qb3+ 120. Kc7 Ke5 121. Rc5+ Kd4 122. Rc6 Qb4 123. Rb6 Qc5+ 124. Rc6 Qa7+ 125. Kd6 Qb8+ 126. Ke6 Qe8+ 127. Kd6 Qd8+ 128. Ke6 Ke4 129. Rc4+ Kd3 130. Rc6 Qe8+ 131. Kd6 Kd4 132. Kc7 Qe7+ 133. Kb6 Kd5 134. Rc7 Qd8 135. Kb7 Kd6 136. Rc6+ Kd7 137. Rb6 Qc7+ 138. Ka6 Qc8+ 139. Ka7 Qc5 140. Ka6 Kc8 141. Rb5 Qc4 1/2-1/2

[Event "Early-Titled-Tuesday-Blitz-March-05-2024"]
[Site "Chess.com"]
[Date "2024.03.05"]
[Round "10"]
[White "averageFM"]
[Black "jamengrand"]
[Result "0-1"]
[WhiteElo "2582"]
[BlackElo "2462"]
[TimeControl "180+1"]
[EndTime "9:52:23 PST"]
[Termination "jamengrand won by resignation"]

1. d4 d5 2. e4 dxe4 3. Nc3 Nf6 4. f3 c6 5. fxe4 e5 6. Nf3 Bg4 7. d5 Bb4 8. Bg5 Bxc3+ 9. bxc3 Qa5 10. Qd2 Nxe4 11. Qd3 Bxf3 12. dxc6 Nxc6 0-1

[Event "Early-Titled-Tuesday-Blitz-March-05-2024"]
[Site "Chess.com"]
[Date "2024.03.05"]
[Round "10"]
[White "xxysoul6"]
[Black "SpeedofLight0"]
[Result "0-1"]
[WhiteElo "2948"]
[BlackElo "3078"]
[TimeControl "180+1"]
[EndTime "9:52:28 PST"]
[Termination "SpeedofLight0 won by resignation"]

1. e4 Nc6 2. d4 d5 3. e5 Bf5 4. Nf3 e6 5. Bd3 Bg4 6. c3 f6 7.
exf6 Nxf6 8. Bg5 Bd6 9. Nbd2 O-O 10. O-O e5 11. dxe5 Nxe5 12. Be2 Qe8 13. h3 Nxf3+ 14. Nxf3 Bxf3 15. Bxf3 Qe5 0-1

[Event "Early-Titled-Tuesday-Blitz-March-05-2024"]
[Site "Chess.com"]
[Date "2024.03.05"]
[Round "10"]
[White "RandomNoob04"]
[Black "nicolasbatista3"]
[Result "1-0"]
[WhiteElo "2605"]
[BlackElo "2486"]
[TimeControl "180+1"]
[EndTime "9:52:58 PST"]
[Termination "RandomNoob04 won by resignation"]

1. e4 c6 2. d4 d5 3. Nc3 dxe4 4. Nxe4 Nf6 5. Ng5 e6 6. N1f3 Nbd7 7. Bd3 h6 8. Nxf7 Kxf7 9. O-O Bd6 10. Re1 Re8 11.
Ne5+ Bxe5 12. dxe5 Nd5 13. Qh5+ Kg8 14. Bxh6 N7f6 15.
exf6 Nxf6 16. Qg6 Qe7 17. Bg5 Qf7 18. Bxf6 1-0

[Event "Early-Titled-Tuesday-Blitz-March-05-2024"]
[Site "Chess.com"]
[Date "2024.03.05"]
[Round "10"]
[White "Bilan_Danila"]
[Black "KoningKobe"]
[Result "1-0"]
[WhiteElo "2533"]
[BlackElo "2410"]
[TimeControl "180+1"]
[EndTime "9:53:06 PST"]
[Termination "Bilan_Danila won by resignation"]

1. d4 g6 2. Nf3 Bg7 3. Bg5 h6 4. Bh4 d6 5. c3 Nd7 6. Nbd2 c5 7.
e3 b6 8. a4 Bb7 9. a5 bxa5 10.
Nc4 Ba6 11. Nxd6+ Kf8 12. Bxa6 Qb6 13. Nxf7 Qxa6 14. Nxh8 Bxh8 15. Qa4 1-0

[Event "Early-Titled-Tuesday-Blitz-March-05-2024"]
[Site "Chess.com"]
[Date "2024.03.05"]
[Round "10"]
[White "Josetricks"]
[Black "Evgeny81"]
[Result "0-1"]
[WhiteElo "2577"]
[BlackElo "2781"]
[TimeControl "180+1"]
[EndTime "9:53:15 PST"]
[Termination "Evgeny81 won by resignation"]

1. c4 f5 2. g3 Nf6 3. Bg2 e5 4. d4 e4 5. Nh3 Be7 6. Nc3 c6 7.
d5 d6 8. O-O O-O 9. Bg5 Na6 10.
Nf4 Ng4 11. Bxe7 Qxe7 12. Qd4 c5 13. Qd1 g5 14. Nh5 Qf7 15. h3 Ne5 0-1

[Event "Early-Titled-Tuesday-Blitz-March-05-2024"]
[Site "Chess.com"]
[Date "2024.03.05"]
[Round "10"]
[White "ChristianArca"]
[Black "guillembaches"]
[Result "0-1"]
[WhiteElo "2677"]
[BlackElo "2536"]
[TimeControl "180+1"]
[EndTime "9:53:17 PST"]
[Termination "guillembaches won by resignation"]

1. e4 d5 2. exd5 Qxd5 3. Nc3 Qa5 4. Nf3 Nf6 5. Bc4 Bg4 6. d4 Nc6 7. h3 Bh5 8. d5 O-O-O 9. Qe2 Nd4 10. Nxd4 Bxe2 11.
Nxe2 Nxd5 12. O-O Nxc3 13. Nxc3 e6 14. Bg5 0-1

[Event "Early-Titled-Tuesday-Blitz-March-05-2024"]
[Site "Chess.com"]
[Date "2024.03.05"]
[Round "10"]
[White "Chessbard1972"]
[Black "enriquebutti"]
[Result "1-0"]
[WhiteElo "2465"]
[BlackElo "2218"]
[TimeControl "180+1"]
[EndTime "9:53:23 PST"]
[Termination "Chessbard1972 won by resignation"]

1. d4 c5 2. d5 e5 3. c4 d6 4.
Nc3 Be7 5. b3 f5 6. e4 Nf6 7. exf5 Bxf5 8. Nge2 O-O 9. Ng3 g6 10.
Bd3 Bxd3 11. Qxd3 Na6 12. a3 Nc7 13. O-O a6 14. a4 b6 15. Bh6 Rf7 16. f3 Rb8 17.
Nce4 Nxe4 18. fxe4 Rxf1+ 19. Rxf1 Qd7 20. Qf3 Re8 21.
Qf7+ 1-0

[Event "Early-Titled-Tuesday-Blitz-March-05-2024"]
[Site "Chess.com"]
[Date "2024.03.05"]
[Round "10"]
[White "Willi_Skibbe"]
[Black "Dale"]
[Result "0-1"]
[WhiteElo "2276"]
[BlackElo "2113"]
[TimeControl "180+1"]
[EndTime "9:53:52 PST"]
[Termination "Dale won by checkmate"]

1. f4 Nf6 2. Nf3 d5 3. e3 h6 4. b3 g5 5. fxg5 hxg5 6. Nxg5 Bg7 7. Bb2 Qd6 8. Nf3 Nc6 9. Nc3 Ng4 10. Nb5 Qg6 11.
Bxg7 Qxg7 12. Nxc7+ Kd8 13. Nxa8 Nxh2 14. Rxh2 Qg3+ 15.
Ke2 Rxh2 16. Nxh2 Qxh2 17. Kd3 Qe5 18. g4 Nb4+ 19. Ke2 Bxg4+ 20. Ke1 Qg3# 0-1

[Event "Early-Titled-Tuesday-Blitz-March-05-2024"]
[Site "Chess.com"]
[Date "2024.03.05"]
[Round "10"]
[White "JaackCamel"]
[Black "dianamirza"]
[Result "1/2-1/2"]
[WhiteElo "2218"]
[BlackElo "2012"]
[TimeControl "180+1"]
[EndTime "9:53:58 PST"]
[Termination "Game drawn by repetition"]

1. d4 Nf6 2. c4 c5 3. d5 b5 4.
cxb5 a6 5. bxa6 g6 6. Nc3 d6 7. e4 Bxa6 8. Bxa6 Nxa6 9. Nf3 Bg7 10.
O-O O-O 11. a4 Qa5 12. Bd2 Nb4 13. Qe2 Rfb8 14. h3 Nd7 15. Ra3 Qb6 16. Rb1 Nc2 17.
Ra2 Nb4 18. Ra3 Nc2 19. Ra2 Nb4 20. Ra3 1/2-1/2

[Event "Early-Titled-Tuesday-Blitz-March-05-2024"]
[Site "Chess.com"]
[Date "2024.03.05"]
[Round "10"]
[White "tylityli"]
[Black "kleopl"]
[Result "0-1"]
[WhiteElo "2304"]
[BlackElo "2496"]
[TimeControl "180+1"]
[EndTime "9:54:01 PST"]
[Termination "kleopl won by resignation"]

1. d4 Nf6 2. c4 e6 3. Nc3 Bb4 4. e3 c5 5. Ne2 cxd4 6. exd4 O-O 7.
a3 Be7 8. d5 exd5 9. cxd5 d6 10. Ng3 Bg4 11. Be2 Bxe2 12. Qxe2 Nfd7 13. O-O Bf6 14.
Bf4 Be5 15. Qd2 Na6 16. b4 Nc7 17. Nge4 Nf6 18. Bxe5 dxe5 19. d6 Nxe4 20. Nxe4 Ne6 21. Qd5 Nf4 22. Qxb7 Qh4 23. g3 Qg4 24. f3 Qg6 25. Qd5 Nxd5 0-1

[Event "Early-Titled-Tuesday-Blitz-March-05-2024"]
[Site "Chess.com"]
[Date "2024.03.05"]
[Round "10"]
[White "MathiasWomacka"]
[Black "ChempionBg"]
[Result "1-0"]
[WhiteElo "2521"]
[BlackElo "2386"]
[TimeControl "180+1"]
[EndTime "9:54:04 PST"]
[Termination "MathiasWomacka won by resignation"]

1. e4 c5 2. Nf3 d6 3. d4 cxd4 4. Nxd4 Nf6 5. Nc3 a6 6. Be2 e6 7. O-O Be7 8. f4 Nc6 9. Be3 O-O 10. Kh1 Qc7 11. Qe1 Nxd4 12. Bxd4 b5 13. a3 Bb7 14. Qg3 g6 15. f5 e5 16. Be3 Bc6 17. Bg5 Qb7 18. Qh4 Rae8 19. Bxf6 1-0

[Event "Early-Titled-Tuesday-Blitz-March-05-2024"]
[Site "Chess.com"]
[Date "2024.03.05"]
[Round "10"]
[White "arnash_bauyrzhan"]
[Black "andrzej"]
[Result "1-0"]
[WhiteElo "2325"]
[BlackElo "2499"]
[TimeControl "180+1"]
[EndTime "9:54:25 PST"]
[Termination "arnash_bauyrzhan won by resignation"]

1. e4 e5 2. Nf3 Nf6 3. Nxe5 d6 4. Nf3 Nxe4 5. d4 d5 6. Bd3 Be7 7. O-O Bf5 8. c4 dxc4 9. Bxc4 O-O 10. Nc3 Nc6 11. Re1 Nd6 12. Bd3 Bf6 13. Bf4 Nxd4 14. Nxd4 Bxd4 15. Bxd6 Qxd6 16. Bxf5 Qf4 17. Qf3 Qg5 18.
Bxh7+ Kh8 19. Qh3 g6 20. Bxg6+ Kg7 21. Qh7+ Kf6 22. Ne4+ 1-0

[Event "Early-Titled-Tuesday-Blitz-March-05-2024"]
[Site "Chess.com"]
[Date "2024.03.05"]
[Round "10"]
[White "giomar27"]
[Black "N4700000"]
[Result "0-1"]
[WhiteElo "2398"]
[BlackElo "2493"]
[TimeControl "180+1"]
[EndTime "9:54:35 PST"]
[Termination "N4700000 won by resignation"]

1. e4 c5 2. Nf3 d6 3. d4 cxd4 4.
Nxd4 Nf6 5. Nc3 g6 6. g3 Nc6 7. Nde2 Bg7 8. Bg2 O-O 9. O-O Bd7 10. h3 Rc8 11. Be3 a6 12. a4 Ne5 13. f4 Nc4 14. Bc1 Nxb2 15. Bxb2 Qb6+ 16. Qd4 Qxb2 17. Rfb1 Qxc2 18. Ra2 e5 19. fxe5 dxe5 20. Qd6 Rxc3 21.
Rxc2 Rxc2 22. Nc1 Bc6 23. Qd3 Rxg2+ 24. Kf1 Bxe4 0-1

[Event "Early-Titled-Tuesday-Blitz-March-05-2024"]
[Site "Chess.com"]
[Date "2024.03.05"]
[Round "10"]
[White "IngOscarArdila"]
[Black "Kotofeyca"]
[Result "0-1"]
[WhiteElo "2327"]
[BlackElo "2453"]
[TimeControl "180+1"]
[EndTime "9:54:52 PST"]
[Termination "Kotofeyca won by resignation"]

1. d4 d5 2. c4 c6 3. cxd5 cxd5 4.
Nc3 Nf6 5. Nf3 Nc6 6. Bf4 a6 7. e3 Bg4 8. Be2 e6 9. h3 Bh5 10. Ne5 Bxe2 11. Qxe2 Rc8 12. O-O Bd6 13. Nxc6 Rxc6 14. Bxd6 Qxd6 15. Rac1 O-O 16. Na4 Rfc8 17. Rxc6 Qxc6 18. Nc5 Ne4 19. Nxe4 dxe4 20. Qg4 h6 21.
a3 Qd5 22. Qh4 Rc2 23. Qd8+ Qxd8 0-1

[Event "Early-Titled-Tuesday-Blitz-March-05-2024"]
[Site "Chess.com"]
[Date "2024.03.05"]
[Round "10"]
[White "Balla_Tamas"]
[Black "ReadySkate"]
[Result "0-1"]
[WhiteElo "2425"]
[BlackElo "2569"]
[TimeControl "180+1"]
[EndTime "9:54:55 PST"]
[Termination "ReadySkate won by resignation"]

1. e4 c5 2. c3 d5 3. exd5 Qxd5 4. d4 Nc6 5. Nf3 Bf5 6. Be3 Nf6 7. c4 Qd8 8. d5 Nb4 9. Na3 e6 10. Be2 exd5 11. cxd5 Nfxd5 12. Bb5+ Bd7 13. Qe2 Bxb5 14. Nxb5 Be7 15. Bxc5 O-O 16. Bxe7 Nxe7 17. O-O Ng6 18. a3 Qd3 19. Rfe1 Nf4 20. Qe5 Nc2 21. Rad1 Nxe1 22.
Rxd3 Nexd3 23. Qf5 Rac8 24. g3 Rc1+ 0-1

[Event "Early-Titled-Tuesday-Blitz-March-05-2024"]
[Site "Chess.com"]
[Date "2024.03.05"]
[Round "10"]
[White "GreenPeach24"]
[Black "stolencandy13"]
[Result "1-0"]
[WhiteElo "2510"]
[BlackElo "2680"]
[TimeControl "180+1"]
[EndTime "9:55:03 PST"]
[Termination "GreenPeach24 won by resignation"]

1. d4 Nf6 2. Bf4 d5 3. e3 c5 4. Nf3 Nc6 5. Nbd2 Bf5 6. dxc5 e6 7. Nd4 Bg4 8. f3 Bh5 9. Nxc6 bxc6 10. b4 Ke7 11. c4 Nd7 12. cxd5 exd5 13. Nb3 f6 14. Nd4 Rc8 15. Ba6 Ne5 16. Bxc8 Qxc8 17. Qa4 Nd3+ 18.
Kd2 Nxf4 19. exf4 Qc7 20. Qxa7 Qxa7 21. Nxc6+ Kd7 22. Nxa7 g5 23. Nb5 gxf4 24. Nd4 f5 25. Kd3 Bg7 26. a4 Re8 27. Rhe1 Rc8 28. c6+ Kd6 29. Re6+ Kc7 30. Re7+ 1-0

[Event "Early-Titled-Tuesday-Blitz-March-05-2024"]
[Site "Chess.com"]
[Date "2024.03.05"]
[Round "10"]
[White "eagleclaw07"]
[Black "Predator0608"]
[Result "1/2-1/2"]
[WhiteElo "2814"]
[BlackElo "2552"]
[TimeControl "180+1"]
[EndTime "9:55:19 PST"]
[Termination "Game drawn by repetition"]

1. Nf3 Nf6 2. g3 b6 3. Bg2 Bb7 4. O-O e6 5. d3 Be7 6. e4 d6 7. Re1 O-O 8. Nbd2 Nbd7 9. c3 e5 10. Qc2 Ne8 11. Nf1 g6 12. Ne3 Ng7 13. d4 c5 14. d5 b5 15. a4 a6 16. c4 b4 17. g4 Kh8 18. Kh1 f5 19. gxf5 gxf5 20. Nxf5 Nxf5 21. exf5 Qe8 22. Ng5 Qh5 23. f4 Rg8 24.
Bf3 Qh4 25. Bd2 Raf8 26. Ne6 Rf7 27. Rg1 Qf2 28. Rxg8+ Kxg8 29. Rg1+ Kh8 30. Bh5 Nf6 31. Bxf7 Qf3+ 32. Rg2 Qf1+ 33. Rg1 Qf3+ 34. Rg2 Qf1+ 35.
Rg1 Qf3+ 1/2-1/2

[Event "Early-Titled-Tuesday-Blitz-March-05-2024"]
[Site "Chess.com"]
[Date "2024.03.05"]
[Round "10"]
[White "Igor_Lysyj"]
[Black "profedechess93"]
[Result "1-0"]
[WhiteElo "2816"]
[BlackElo "2638"]
[TimeControl "180+1"]
[EndTime "9:55:24 PST"]
[Termination "Igor_Lysyj won by resignation"]

1. d4 d5 2. c4 c6 3. Nf3 Nf6 4. e3 e6 5. Bd3 Nbd7 6. O-O Bd6 7. Nc3 O-O 8. e4 dxc4 9. Bxc4 e5 10. Be3 Qe7 11. Re1 b5 12. Bb3 a6 13. a4 Rb8 14.
axb5 axb5 15. Ra7 Bb7 16. d5 Bc5 17. dxc6 Bxc6 18. Bxc5 Qxc5 19. Ra1 Rfd8 20. Rc1 Qb4 21. Na2 Qa5 22. Rxc6 Nc5 23. Qc2 1-0

[Event "Early-Titled-Tuesday-Blitz-March-05-2024"]
[Site "Chess.com"]
[Date "2024.03.05"]
[Round "10"]
[White "nihalsarin"]
[Black "GMKrikor"]
[Result "1-0"]
[WhiteElo "3169"]
[BlackElo "2864"]
[TimeControl "180+1"]
[EndTime "9:55:25 PST"]
[Termination "nihalsarin won on time"]

1. b3 Nf6 2. Bb2 d5 3. Nf3 e6 4. e3 Bd6 5. c4 O-O 6. Nc3 a6 7.
g4 Re8 8. g5 Ne4 9. cxd5 Nxc3 10.
Bxc3 exd5 11. Qc2 c5 12. Bd3 g6 13. Bb2 Nc6 14. a3 b5 15. Rg1 c4 16. Be2 Bf5 17.
Qc3 d4 18. Nxd4 Be5 19. Nxf5 Bxc3 20. Nh6+ Kf8 21. Bxc3 Ne5 22. bxc4 Rc8 23. Ng4 Nd3+ 24. Bxd3 Qxd3 25. Nf6 Rxc4 26. Bb4+ Re7 27. Nxh7+ Kg7 28.
Bxe7 Kxh7 29. Bf6 Rh4 30. Rc1 Rc4 31. Rxc4 Qxc4 32. Rg3 Qe6 33. f3 Kg8 34. Rg4 Kf8 35. Rh4 1-0